 Dungeon Crawl Stone Soup version 0.29-a0-352-g0917bc69df (webtiles) character file.

Game seed: 10061470614657285159

1446 101zpm the Gusty (level 8, -9/58 HPs)
             Began as a Gnoll Air Elementalist on Apr 24, 2022.
             Mangled by Duvessa
             ... wielding a +0 short sword
              (21 damage)
             ... on level 4 of the Dungeon.
             The game lasted 00:15:51 (6779 turns).

101zpm the Gusty (Gnoll Air Elementalist)           Turns: 6779, Time: 00:15:51

Health: -9/58      AC:  2    Str:  7    XL:     8   Next: 75%
Magic:  5/26       EV: 14    Int: 16    God:
Gold:   141        SH:  0    Dex: 14    Spells: 1/19 levels left

rFire   + . .      SeeInvis .   A - +2 flail (holy)
rCold   . . .      Faith    .   (no shield)
rNeg    . . .      Spirit   .   a - +0 robe
rPois   .          Reflect  .   (no helmet)
rElec   .          Harm     .   (no cloak)
rCorr   .          Rampage  .   (no gloves)
Will    .....                   (no boots)
Stlth   +++.......              (no amulet)
HPRegen 0.19/turn               j - ring of magical power
MPRegen 0.20/turn               h - ring of protection from fire

@: swift, quick
A: fangs 1, strong nose, distributed training
a: no special abilities


You were on level 4 of the Dungeon.
You visited 1 branch of the dungeon, and saw 5 of its levels.

You collected 141 gold pieces.

Inventory:

Hand Weapons
 A - a +2 flail of holy wrath (weapon)
Missiles
 v - a throwing net
Armour
 a - a +0 robe (worn)
 r - a +2 chain mail of poison resistance
Jewellery
 f - a ring of ice
 h - a ring of protection from fire (right hand)
 j - a ring of magical power (left hand)
 s - a ring of magical power
 y - an amulet of faith
Scrolls
 c - 8 scrolls of identify {unknown}
 d - a scroll of enchant armour {unknown}
 i - a scroll of silence {unknown}
 k - 2 scrolls of teleportation {unknown}
 m - 3 scrolls of immolation {unknown}
 o - a scroll of fog {unknown}
 q - 2 scrolls of blinking {unknown}
 t - a scroll of amnesia {unknown}
 w - a scroll of noise {unknown}
 B - a scroll of acquirement {unknown}
Potions
 b - a potion of magic
 e - a potion of berserk rage {unknown}
 g - 2 potions of resistance {unknown}
 l - 2 potions of heal wounds {unknown}
 n - 4 potions of flight {unknown}
 p - 2 potions of brilliance {unknown}
 u - 2 potions of mutation {unknown}
 x - 2 potions of curing {unknown}
 z - a potion of haste


   Skills:
 + Level 3.5 Fighting
 + Level 3.5 Short Blades
 + Level 3.5 Long Blades
 + Level 3.5 Axes
 + Level 3.5 Maces & Flails
 + Level 3.5 Polearms
 + Level 3.5 Staves
 + Level 3.5 Slings
 + Level 3.5 Bows
 + Level 3.5 Crossbows
 + Level 3.5 Throwing
 + Level 3.5 Armour
 + Level 5.8 Dodging
 + Level 5.5 Stealth
 + Level 3.5 Shields
 + Level 3.5 Unarmed Combat
 + Level 6.2 Spellcasting
 + Level 3.6 Conjurations
 + Level 2.9 Hexes
 + Level 2.9 Summonings
 + Level 2.9 Necromancy
 + Level 2.9 Translocations
 + Level 2.9 Transmutations
 + Level 2.9 Fire Magic
 + Level 2.9 Ice Magic
 + Level 6.2 Air Magic
 + Level 2.9 Earth Magic
 + Level 2.9 Poison Magic
 + Level 3.9 Invocations
 + Level 3.5 Evocations


You had one spell level left.
You knew the following spells:

 Your Spells              Type           Power      Damage    Failure   Level
a - Shock                 Conj/Air       80%        1d8       1%          1
b - Static Discharge      Conj/Air       20%        N/A       2%          2
c - Swiftness             Air            24%        N/A       3%          3
d - Airstrike             Air            12%        N/A       11%         4
e - Frozen Ramparts       Ice            28%        1d4       12%         3
f - Inner Flame           Hex/Fire       14%        N/A       12%         3
g - Foxfire               Conj/Fire      60%        2x1d7     3%          1
h - Freeze                Ice            56%        1d7       4%          1

Your spell library contained the following spells:

 Spells                   Type           Power      Damage    Failure   Level
 Conjure Flame            Conj/Fire      15%        6-21      11%         3
 Gell's Gravitas          Tloc           14%        N/A       12%         3
 Lesser Beckoning         Tloc           14%        N/A       12%         3
 Teleport Other           Tloc           14%        N/A       12%         3
 Flame Wave               Conj/Fire      15%        2d6       34%         4
 Hailstorm                Conj/Ice       15%        3d5       34%         4


Dungeon Overview and Level Annotations

Branches:
Dungeon (5/15)
 Temple: D:4-7

Altars:

Shops:
D:4 (

Annotations:
D:4 Duvessa, Sigmund


Innate Abilities, Weirdness & Mutations

You have very sharp teeth.
Your uncanny sense of smell can sniff out nearby items.
Your experience applies equally to all skills.


Message History

Menkaure is heavily damaged.
Casting: Airstrike (dangerous; 11% risk of failure)
Confirm with . or Enter, or press ? or * to list all spells.
Aiming: Airstrike (dangerous; 11% risk of failure)
Press: ? - help, Dir - move target, f/p - Menkaure
Aim: Menkaure (heavily damaged, empty space bonus: 4/8)
You miscast Airstrike.
Nothing appears to happen.
Menkaure mumbles some strange words.
Menkaure seems to speed up.
Unknown command.
Casting: Airstrike (dangerous; 11% risk of failure)
Confirm with . or Enter, or press ? or * to list all spells.
Aiming: Airstrike (dangerous; 11% risk of failure)
Press: ? - help, Dir - move target, f/p - Menkaure
Aim: Menkaure (heavily damaged, fast, empty space bonus: 4/8)
The air twists around and strikes Menkaure!
You destroy Menkaure!
You start resting.
Your magical contamination has completely faded away.
You start resting.
Duvessa, Sister of Dowan comes into view.
She is wielding a +0 short sword.
Duvessa goes berserk!
Duvessa rages.
Duvessa hits you with a +0 short sword! Duvessa hits you with a +0 short sword!
There is a stone staircase leading up, spattered with blood here.
Sorry, you're not good enough to have a special ability.
Casting: Airstrike (dangerous; 11% risk of failure)
Confirm with . or Enter, or press ? or * to list all spells.
You feel quick. Duvessa completely misses you. Duvessa misses you.
Duvessa attacks as you move away! Duvessa hits you with a +0 short sword!
Duvessa attacks as you move away! Duvessa hits you with a +0 short sword.
Duvessa attacks as you move away! Duvessa hits you with a +0 short sword!
* * * LOW HITPOINT WARNING * * *
Duvessa rages.
Duvessa attacks as you move away! Duvessa closely misses you.
Duvessa attacks as you move away!
Duvessa hits you with a +0 short sword!!
You die...

.. ########## .. . #........# '
#' #........# ##. .## #........#
...###.. #####........#####
#..... ..................
#..#.##############........#####
#>.......).....@........÷.......
...##.###########e..........#####
. #.# #...)....######## #.#
#........# ## #.# #........# #.
#.# #........# #.
#.#######......÷.# #.
#####.................. #.
....#..<................∆ ##


You could see Duvessa (berserk).

Vanquished Creatures
  Grinder (D:4)
  Menkaure (D:4)
  A black bear (D:3)
  An ogre (D:3)
  Blork the orc (D:4)
  A scorpion (D:4)
  Dowan (D:4)
  2 howler monkeys (D:3)
  2 jellies (D:4)
  2 orc priests
  2 hounds (D:4)
  Natasha (thrice) (D:2)
  2 orc wizards
  6 adders
  21 gnolls (D:3)
  A worm (D:4)
  4 dart slugs (D:1)
  26 orcs
  4 bats
  6 endoplasms
  6 giant cockroaches
  3 goblins
  8 hobgoblins
  13 jackals (D:3)
  2 quokkas (D:3)
  11 ball pythons
  5 frilled lizards
  7 kobolds
  8 rats
151 creatures vanquished.

Vanquished Creatures (others)
  A plant (D:3)
1 creature vanquished.

Grand Total: 152 creatures vanquished

Notes
Turn   | Place    | Note
-------+----------+-------------------------------------------
     0 | D:1      | 101zpm the Gnoll Air Elementalist began the quest for the
                  | Orb.
     0 | D:1      | Reached XP level 1. HP: 13/13 MP: 6/6
    36 | D:1      | Noticed a hound
    36 | D:1      | Noticed a swamp drake
    36 | D:1      | Noticed a redback
    37 | D:1      | Noticed a swamp worm
    37 | D:1      | Noticed a black mamba
   140 | D:1      | Reached XP level 2. HP: 20/20 MP: 2/7
   581 | D:1      | Reached XP level 3. HP: 25/25 MP: 3/9
   701 | D:1      | Reached skill level 5 in Spellcasting
  1250 | D:2      | Reached skill level 1 in Invocations
  1398 | D:2      | Reached skill level 1 in Fighting
  1398 | D:2      | Reached skill level 1 in Short Blades
  1398 | D:2      | Reached skill level 1 in Long Blades
  1398 | D:2      | Reached skill level 1 in Axes
  1398 | D:2      | Reached skill level 1 in Maces & Flails
  1398 | D:2      | Reached skill level 1 in Polearms
  1398 | D:2      | Reached skill level 1 in Staves
  1398 | D:2      | Reached skill level 1 in Slings
  1398 | D:2      | Reached skill level 1 in Bows
  1398 | D:2      | Reached skill level 1 in Crossbows
  1398 | D:2      | Reached skill level 1 in Throwing
  1398 | D:2      | Reached skill level 1 in Armour
  1398 | D:2      | Reached skill level 1 in Shields
  1398 | D:2      | Reached skill level 1 in Unarmed Combat
  1398 | D:2      | Reached skill level 1 in Evocations
  1398 | D:2      | Reached XP level 4. HP: 32/32 MP: 6/11
  1469 | D:2      | Found a faded altar of an unknown god.
  1565 | D:2      | Noticed Natasha
  1578 | D:2      | Killed Natasha
  1627 | D:2      | Noticed Natasha
  1631 | D:2      | Killed Natasha
  1632 | D:2      | Reached skill level 1 in Hexes
  1632 | D:2      | Reached skill level 1 in Summonings
  1632 | D:2      | Reached skill level 1 in Necromancy
  1632 | D:2      | Reached skill level 1 in Translocations
  1632 | D:2      | Reached skill level 1 in Transmutations
  1632 | D:2      | Reached skill level 1 in Fire Magic
  1632 | D:2      | Reached skill level 1 in Ice Magic
  1632 | D:2      | Reached skill level 1 in Earth Magic
  1632 | D:2      | Reached skill level 1 in Poison Magic
  1785 | D:2      | Reached XP level 5. HP: 37/37 MP: 9/12
  2967 | D:3      | Noticed a black bear
  3012 | D:2      | Noticed Natasha
  3023 | D:2      | Killed Natasha
  3384 | D:3      | Reached XP level 6. HP: 44/44 MP: 13/13
  3674 | D:3      | Reached skill level 5 in Dodging
  3996 | D:3      | Reached XP level 7. HP: 42/50 MP: 14/15
  4890 | D:3      | Reached skill level 5 in Stealth
  5439 | D:4      | Noticed Dowan
  5461 | D:4      | Killed Dowan
  5651 | D:4      | Reached XP level 8. HP: 44/57 MP: 13/16
  5721 | D:5      | Entered Level 5 of the Dungeon
  5959 | D:4      | Found Bizip's Antique Weapon Shop.
  5959 | D:4      | Noticed Blork the orc
  6051 | D:4      | Killed Blork the orc
  6255 | D:4      | Noticed Sigmund
  6274 | D:4      | Learned a level 2 spell: Static Discharge
  6278 | D:4      | Learned a level 3 spell: Swiftness
  6283 | D:4      | Learned a level 4 spell: Airstrike
  6287 | D:4      | Learned a level 3 spell: Frozen Ramparts
  6291 | D:4      | Learned a level 3 spell: Inner Flame
  6293 | D:4      | Learned a level 1 spell: Foxfire
  6295 | D:4      | Learned a level 1 spell: Freeze
  6728 | D:4      | Noticed Grinder
  6732 | D:4      | Killed Grinder
  6735 | D:4      | Noticed Menkaure
  6738 | D:4      | Killed Menkaure
  6757 | D:4      | Noticed Duvessa
  6779 | D:4      | Mangled by Duvessa

Illustrated notes

Levels and vault maps discovered:
D:1:      onia_arrival_zoo_common, layout_basic
D:2:      layout_basic, ebering_ecumenical_altar_ruins,
          chequers_serial_rivers_room_a, nicolae_underground_beach, uniq_natasha
D:3:      lemuel_castle_with_subvaults [lemuel_castle_interior_carwin_3],
          layout_basic, st_stairs_9, nrook_loot_triangle
D:4:      layout_basic, nemelex_spade_bored_becter, kennysheep_windowed_goal,
          uniq_blork_the_orc, uniq_grinder, uniq_sigmund, uniq_duvessa,
          uniq_menkaure
D:5:      layout_loops_corners, good_gods_temple_1, vehumet_altar_wand_db,
          lemuel_tele_altar, minmay_temple_entry_statues_pillars, serial_shops,
          nicolae_shop_trees

Skill      XL: |  1  2  3  4  5  6  7  8 |
---------------+-------------------------+-----
Conjurations   | 2 3 |  3.6
Spellcasting   | 5 6 |  6.2
Invocations    | 1 2 3 |  3.9
Fighting       | 1 2 3 |  3.5
Short Blades   | 1 2 3 |  3.5
Long Blades    | 1 2 3 |  3.5
Axes           | 1 2 3 |  3.5
Maces & Flails | 1 2 3 |  3.5
Polearms       | 1 2 3 |  3.5
Staves         | 1 2 3 |  3.5
Slings         | 1 2 3 |  3.5
Bows           | 1 2 3 |  3.5
Crossbows      | 1 2 3 |  3.5
Throwing       | 1 2 3 |  3.5
Armour         | 1 2 3 |  3.5
Shields        | 1 2 3 |  3.5
Unarmed Combat | 1 2 3 |  3.5
Evocations     | 1 2 3 |  3.5
Hexes          | 1 2 |  2.9
Summonings     | 1 2 |  2.9
Necromancy     | 1 2 |  2.9
Translocations | 1 2 |  2.9
Transmutations | 1 2 |  2.9
Fire Magic     | 1 2 |  2.9
Ice Magic      | 1 2 |  2.9
Earth Magic    | 1 2 |  2.9
Poison Magic   | 1 2 |  2.9
Dodging        | 5 |  5.8
Stealth        | 5 |  5.5
Air Magic      | 6 |  6.2

Action                   |  1- 3 |  4- 6 |  7- 9 || total
-------------------------+-------+-------+-------++-------
 Cast: Shock             |    58 |   173 |   167 ||   398
       Airstrike         |       |       |    13 ||    13
       Inner Flame       |       |       |     2 ||     2
       Swiftness         |       |       |     1 ||     1
Armor: Robe              |       |       |     2 ||     2
Dodge: Dodged            |     7 |    12 |    20 ||    39

Table legend: (Time is in decaauts)
 A = Elapsed time spent in this place.
 B = Non-inter-level travel time spent in this place.
 C = Inter-level travel time spent in this place.
 D = Time resting spent in this place.
 E = Time spent auto-exploring this place.
 F = Levels seen in this place.
 G = Mean time per level.
                   A        B        C        D        E       F      G
               +--------+--------+--------+--------+--------+-----+--------+
         Total |   6795 |   6568 |    227 |   1733 |   4018 |   5 | 1359.0 |
       Dungeon |   6795 |   6568 |    227 |   1733 |   4018 |   5 | 1359.0 |
               +--------+--------+--------+--------+--------+-----+--------+

Top non-repeatable levels by time:
     D:3: 2492 daAuts
     D:1: 1498 daAuts
     D:4: 1365 daAuts
     D:2: 1331 daAuts
     D:5: 106 daAuts
